 Dungeon Crawl Stone Soup version 0.31-a0-1-g4198be8af4 (webtiles) character file.

Game seed: 16836883821302338176

37 porpoise the Cutter (level 3, -5/28 HPs)
             Began as a Merfolk Gladiator on May 3, 2023.
             Slain by Terence
             ... wielding a +3 hand axe
              (10 damage)
             ... on level 2 of the Dungeon.
             The game lasted 00:04:34 (958 turns).

porpoise the Cutter (Merfolk Gladiator)              Turns: 958, Time: 00:04:35

Health: -5/28      AC:  4    Str: 14    XL:     3   Next: 41%
Magic:  3/3        EV: 13    Int:  7    God:
Gold:   57         SH:  0    Dex: 17    Spells: 2/2 levels left

rFire   . . .        a - +0 rapier
rCold   . . .        (no shield)
rNeg    . . .        b - +0 leather armour
rPois   .            c - +0 helmet
rElec   .            (no cloak)
rCorr   .            (no gloves)
SInv    .            (no boots)
Will    .....        (no amulet)
Stlth   ++           (no ring)
HPRegen 0.24/turn    (no ring)
MPRegen 0.08/turn

%: no passive effects
@: no status effects
A: (nimble swimmer 2), mertail
a: no special abilities


You were on level 2 of the Dungeon.
You visited 1 branch of the dungeon, and saw 2 of its levels.

You collected 57 gold pieces.

Inventory:

Hand Weapons
 a - a +0 rapier (weapon)
Missiles
 d - a throwing net (quivered)
 e - a javelin
 k - 6 silver boomerangs
Armour
 b - a +0 leather armour (worn)
 c - a +0 helmet (worn)
Scrolls
 f - a scroll of fear {unknown}
 h - a scroll of butterflies {unknown}
 i - a scroll of noise {unknown}
 j - a scroll of immolation {unknown}
 n - a scroll of identify {unknown}
Potions
 g - a potion of lignification {unknown}
 l - a potion of flight {unknown}
 m - a potion of resistance {unknown}


   Skills:
 + Level 2.7 Fighting
 * Level 4.5 Short Blades
 - Level 2.0 Throwing
 - Level 4.0 Dodging
 + Level 1.5 Stealth


You had 2 spell levels left.
You didn't know any spells.
Your spell library was empty.

Dungeon Overview and Level Annotations

Branches:
Dungeon (2/15)

Altars:

Annotations:
D:2 Terence


Innate Abilities, Weirdness & Mutations

((You are very nimble when in or above water. (Stealth+, EV+, Speed+++)))
Your lower body shifts to a powerful aquatic tail in water.


Message History

You hit Terence but do no damage.
Terence is moderately wounded.
Terence struggles against the net.
You hit Terence but do no damage.
Terence is moderately wounded.
Terence struggles against the net.
You strike the helpless Terence from behind!
You hit Terence.
Terence is moderately wounded.
Terence struggles against the net.
You hit Terence.
Terence is heavily wounded.
Terence struggles against the net.
You hit Terence but do no damage.
Terence is heavily wounded.
Terence struggles against the net.
The net rips apart, and Terence comes free!
You hit Terence.
Terence is severely wounded.
Terence hits you with a +3 hand axe.
You barely miss Terence.
Terence is severely wounded.
Terence hits you with a +3 hand axe.
You hit Terence.
Terence is severely wounded.
Terence shouts, "DIE!!!"
Terence hits you with a +3 hand axe!
* * * LOW HITPOINT WARNING * * *
Throw: 3 throwing nets
Press: ? - help, Q - select action, (/) - cycle Shift-Dir - straight line, f/p - Terence
Aim: Terence, wielding a +3 hand axe and wearing a +2 chain mail of poison resistance (severely wounded, 69% to hit)
You throw a throwing net. The throwing net barely misses Terence.
Terence barely misses you.
Throw: 2 throwing nets
Press: ? - help, Q - select action, (/) - cycle Shift-Dir - straight line, f/p - Terence
Aim: Terence, wielding a +3 hand axe and wearing a +2 chain mail of poison resistance (severely wounded, 69% to hit)
You throw a throwing net.
The throwing net completely misses Terence.
Terence hits you with a +3 hand axe!
You die...

# #<. #.
###(###
#..#.....#
#..#.....###.#
#$.<....>....#
#.....#
#.....#
###@###
#@########
#........#
#.######.# #.#
#.# # #.# #.#
. #.# #.# #
#.# #.# # #.#
#.# # #.# #.#
#


You could see Terence.

Vanquished Creatures
  A dart slug (D:1)
  5 bats (D:1)
  2 endoplasms (D:1)
  2 giant cockroaches (D:1)
  6 goblins
  2 hobgoblins (D:1)
  3 jackals (D:1)
  2 ball pythons (D:1)
  4 kobolds
  2 rats (D:1)
29 creatures vanquished.

Notes
Turn   | Place    | Note
-------+----------+-------------------------------------------
     0 | D:1      | porpoise the Merfolk Gladiator began the quest for the Orb.
     0 | D:1      | Reached XP level 1. HP: 16/16 MP: 1/1
   150 | D:1      | Reached XP level 2. HP: 23/23 MP: 2/2
   253 | D:1      | Reached skill level 1 in Stealth
   467 | D:1      | Reached XP level 3. HP: 28/28 MP: 3/3
   931 | D:2      | Noticed Terence
   958 | D:2      | Slain by Terence

Illustrated notes

Levels and vault maps discovered:
D:1:      pf_arrival_petrified_forest, layout_basic, serial_curves,
          eino_curves_04, eino_curves_03
D:2:      minmay_chambers_of_ones, layout_loops_ring,
          shapermc_ecumenical_altar_notcrosses, uniq_terence

Skill      XL: |  1  2 |
---------------+-------+-----
Short Blades   | 4 |  4.5
Stealth        | 1 |  1.5
Fighting       | |  2.7
Throwing       | |  2.0
Dodging        | |  4.0

Action                     || total
---------------------------++-------
  Melee: Rapier            ||    93
  Throw: Javelin           ||     1
         Throwing net      ||     4
   Stab: Sleeping          ||     1
         Held in net/web   ||     1
 Armour: Leather armour    ||    22
  Dodge: Dodged            ||    62

Table legend: (Time is in decaauts)
 A = Elapsed time spent in this place.
 B = Non-inter-level travel time spent in this place.
 C = Inter-level travel time spent in this place.
 D = Time resting spent in this place.
 E = Time spent auto-exploring this place.
 F = Levels seen in this place.
 G = Mean time per level.
                   A        B        C        D        E       F      G
               +--------+--------+--------+--------+--------+-----+--------+
         Total |    957 |    914 |     43 |     10 |    619 |   2 |  478.5 |
       Dungeon |    957 |    914 |     43 |     10 |    619 |   2 |  478.5 |
               +--------+--------+--------+--------+--------+-----+--------+

Top non-repeatable levels by time:
     D:1: 814 daAuts
     D:2: 142 daAuts
